 Dungeon Crawl Stone Soup version 0.25-a0-2-g6559c6c67a (webtiles) character file.

Game seed: 11043875376835291370, levelgen mode: deterministic

10476 MalarOregon the Thaumaturge (level 11, -1/98 (99) HPs)
             Began as a Purple Draconian Conjurer on Oct 14, 2019.
             Was an Elder of the Shining One.
             Slain by a white ugly thing (28 damage)
             ... on level 10 of the Dungeon.
             The game lasted 00:34:53 (12408 turns).

MalarOregon the Thaumaturge (DrCj)                 Turns: 12408, Time: 00:34:53

HP:   -1/98 (99)    AC: 12    Str:  8    XL:     11   Next: 36%
MP:   6/25          EV: 15    Int: 19    God:    the Shining One [****..]
Gold: 276           SH:  4    Dex: 11    Spells: 23/30 levels left

rFire    . . .     SeeInvis +   z - +2 dagger (venom)
rCold    . . .     Gourm    .   g - +0 buckler
rNeg     + + +     Faith    .   (armour unavailable)
rPois    +         Spirit   .   (helmet restricted)
rElec    +         Reflect  .   B - +0 cloak
rCorr    .         Harm     .   u - +0 pair of gloves
MR       ++...                  l - +2 pair of boots
Stlth    +.........             C - amulet of regeneration
HPRegen  0.66/turn              A - ring of Rydiy {rElec rPois MR+ Dex-4 Slay+2}
MPRegen  0.19/turn              o - ring "Zoufo" {Wiz rN+ Dex+3 SInv}

@: slowed, glowing, very slow
A: breathe power, unfitting armour, stinger 1, talons 1, weak 1, cold-blooded,
AC +7
a: Breathe Dispelling Energy, Divine Shield, Cleansing Flame, Renounce Religion


You were on level 10 of the Dungeon.
You worshipped the Shining One.
The Shining One was greatly pleased with you.
You were hungry.

You visited 2 branches of the dungeon, and saw 12 of its levels.

You collected 542 gold pieces.
You spent 266 gold pieces at shops.

Inventory:

Hand Weapons
 p - a +1 dagger of flaming
   (You took it off a goblin on level 3 of the Dungeon)
 q - a +1 whip of freezing
   (You took it off Pikel on level 4 of the Dungeon)
 y - a +4 dagger
   (You took it off an orc wizard on level 6 of the Dungeon)
 z - a +2 dagger of venom (weapon)
   (You took it off an orc priest on level 11 of the Dungeon)
 O - a +1 flail of holy wrath
   (You found it on level 9 of the Dungeon)
 P - a cursed -1 long sword
   (You found it on level 10 of the Dungeon)
Missiles
 j - 97 poisoned darts
 n - 12 curare-tipped darts (quivered) {!f}
 v - 2 silver javelins
 I - a throwing net {!f}
Armour
 g - a +0 buckler (worn)
   (You found it on level 4 of the Dungeon)
 l - a +2 pair of boots (worn)
   (You found it on level 3 of the Dungeon)
 u - a +0 pair of gloves (worn)
   (You found it on level 6 of the Dungeon)
 B - a +0 cloak (worn)
   (You found it on level 6 of the Dungeon)
Jewellery
 i - an uncursed ring of protection from fire
   (You found it on level 7 of the Dungeon)
 o - the ring "Zoufo" (right hand) {Wiz rN+ Dex+3 SInv}
   (You took it off an orc on level 4 of the Dungeon)

   [ring of wizardry]

   It improves your spell success rate.
   It affects your dexterity (+3).
   It protects you from negative energy.
   It lets you see invisible.
 A - the ring of Rydiy (left hand) {rElec rPois MR+ Dex-4 Slay+2}
   (You found it on level 7 of the Dungeon)

   [ring of protection from magic]

   It affects your dexterity (-4).
   It affects your accuracy and damage with ranged weapons and melee attacks
   (+2).
   It insulates you from electricity.
   It protects you from poison.
   It affects your resistance to hostile enchantments.
 C - an amulet of regeneration (around neck)
   (You found it on level 7 of the Dungeon)
 F - an uncursed amulet of faith {unknown}
   (You found it on level 8 of the Dungeon)
 J - a cursed ring of teleportation {unknown}
   (You found it on level 8 of the Dungeon)
 M - a +3 ring of slaying {unknown}
   (You found it on level 9 of the Dungeon)
Wands
 c - a wand of disintegration (23)
   (You found it on level 7 of the Dungeon)
 d - a wand of iceblast (3)
   (You found it on level 3 of the Dungeon)
 k - a wand of clouds (4)
   (You found it on level 4 of the Dungeon)
 x - a wand of acid (15)
   (You took it off an orc warrior on level 7 of the Dungeon)
Scrolls
 f - 5 scrolls of teleportation {@r4}
 m - 7 scrolls of remove curse {@r2}
 E - a scroll of fog
Potions
 a - 2 potions of agility
 b - 2 potions of brilliance
 h - 4 potions of heal wounds {@q2}
 r - 2 potions of haste {@q3}
 t - 3 potions of lignification {!q}
 w - 4 potions of curing {@q1}
 D - 2 potions of flight {unknown}
 G - 2 potions of might
 H - a potion of magic
 K - a potion of cancellation {unknown}
 L - a potion of mutation {!q}
 N - a potion of berserk rage {unknown}
 Q - a potion of ambrosia
Comestibles
 e - 19 rations {!d}


   Skills:
 * Level 10.1 Fighting
 + Level 6.8 Dodging
 - Level 1.7 Stealth
 - Level 4.0 Shields
 * Level 10.3 Spellcasting
 * Level 10.1 Conjurations


You had 23 spell levels left.
You knew the following spells:

 Your Spells              Type           Power        Failure   Level  Hunger
a - Magic Dart            Conj           ####         1%          1    None
b - Blink                 Tloc           N/A          4%          2    None
x - Iskenderun's Mystic   Conj           #####...     1%          4    ##.....

Your spell library contained the following spells:

 Spells                   Type           Power        Failure   Level  Hunger
 Searing Ray              Conj           #####.       1%          2    None
 Conjure Flame            Conj/Fire      ####....     1%          3    None
 Dazzling Spray           Conj/Hex       ####..       1%          3    None
 Corona                   Hex            #......      2%          1    None
 Mephitic Cloud           Conj/Pois/Air  ###.....     2%          3    None
 Force Lance              Conj/Tloc      ####....     3%          4    ##.....
 Fulminant Prism          Conj/Hex       ####......   3%          4    ##.....
 Call Imp                 Summ           #.......     4%          2    None
 Slow                     Hex            #.......     4%          2    None
 Inner Flame              Hex/Fire       #.......     9%          3    None
 Portal Projectile        Hex/Tloc       #.....       9%          3    None
 Cause Fear               Hex            #.........   26%         4    ##.....
 Leda's Liquefaction      Hex/Erth       #.........   26%         4    ##.....


Dungeon Overview and Level Annotations

Branches:
Dungeon (11/15)            Temple (1/1) D:7            Lair (0/6) D:11
    Orc: D:9-12

Altars:
Ashenzari
Cheibriados
Dithmenos
Elyvilon
Fedhas
Gozag
Hepliaklqana
Kikubaaqudgha
Makhleb
Nemelex Xobeh
Okawaru
Qazlal
Ru
Sif Muna
Trog
Uskayaw
Vehumet
Wu Jian
Xom
Yredelemnul
Zin
The Shining One

Shops:
D:8 !   D:10 [   D:11 ?

Annotations:
D:10 exclusion: obsidian statue


Innate Abilities, Weirdness & Mutations

You can breathe bolts of dispelling energy.
Your rich purple scales are hard. (AC +7)
You cannot fit into any form of body armour.
You are cold-blooded and may be slowed by cold attacks.
Your tail ends in a poisonous barb.
You have sharp toenails.
You are weak. (Str -2)


Message History

You see here a +0 ring mail.
You block the hound's attack. The hound bites you but does no damage.
Things that are here:
a +0 robe; a +0 dagger The hound pauses to sniff the ground.
There is a stone staircase leading up, spattered with blood here.
You hit the hound.
The hound is poisoned.
The hound closely misses you. The hound misses you.
You hit the hound.
The hound looks as sick as possible!
The hound bites you but does no damage.
You hit the hound.
You kill the hound!
The white ugly thing stings you but does no damage.
You climb upwards.
Level annotation: exclusion: obsidian statue
There is a stone staircase leading down here.
You see here a +2 short sword of venom.
Aim: a white ugly thing (haloed)
The orb of energy misses the white ugly thing.
You block the white ugly thing's attack.
Aim: a white ugly thing (haloed)
The orb of energy hits the white ugly thing!
The orb of energy explodes!
The white ugly thing stings you. The white ugly thing freezes you!
You feel yourself slow down.
Aim: a white ugly thing (moderately wounded, haloed)
The orb of energy hits the white ugly thing.
The orb of energy explodes!
The white ugly thing stings you but does no damage.
Aim: a white ugly thing (moderately wounded, haloed)
The orb of energy hits the white ugly thing!!
The orb of energy explodes!
You are feeling hungry.
You feel yourself speed up. The white ugly thing stings you.
The white ugly thing freezes you!!
The white ugly thing stings you but does no damage.
Aim: a white ugly thing (heavily wounded, haloed)
The orb of energy hits the white ugly thing!
The orb of energy explodes!
The white ugly thing stings you! The white ugly thing freezes you!
* * * LOW HITPOINT WARNING * * *
You hit the white ugly thing.
The white ugly thing stings you but does no damage.
You completely miss the white ugly thing.
The white ugly thing stings you!
* * * LOW HITPOINT WARNING * * *
The white ugly thing freezes you!!
You feel yourself slow down.
You die...

.....#.....'.#....#.# #.....#
.....#.....#.#....+.# #.....#
.....#######.#'####.#######.....#
................................#
................................)
.......#'####....................
.......#....#....................
.......#....#....................
.......#....##..@.....########...
.......#.....#...u....#......#...
.......#.....#........#......#...
.......##....#........#......#...
........#.............'......#...
#######.#.#.#.#.#....(#......#...
#....# #.#.#.#.#.#....########...
#..∩.##...§.§§..#................
#....#.#.≈§≈4≈≈!.#...#########...


You could see a white ugly thing.

Vanquished Creatures
  2 two-headed ogres
  Pikel (D:4)
  An ugly thing (D:11)
  4 molten gargoyles
  A troll (D:10)
  Grinder (D:3)
  A hippogriff (D:8)
  A spriggan (D:8)
  6 yaks (D:11)
  A wyvern (D:10)
  A steam dragon (D:5)
  Menkaure (D:5)
  An acid dragon (D:11)
  3 porcupines (D:11)
  2 orc warriors
  An ice beast (D:10)
  A black bear (D:11)
  2 sky beasts
  2 phantoms
  A necrophage (D:8)
  4 ogres
  3 centaurs
  2 crocodiles (D:11)
  2 big kobolds
  3 bullfrogs
  A gnoll sergeant (D:6)
  A water moccasin zombie (D:6)
  2 wyvern skeletons
  2 scorpions
  8 killer bees
  5 wights (D:10)
  3 howler monkeys
  3 centaur zombies
  3 crimson imps
  5 orc priests
  4 jellies
  A quasit (D:8)
  3 hounds
  3 iguanas
  9 orc wizards
  9 worker ants
  A statue (D:4)
  A hound zombie (D:8)
  A hound skeleton (D:7)
  A worker ant zombie (D:9)
  A howler monkey skeleton (D:4)
  12 adders
  9 gnolls
  4 shadow imps
  2 oozes
  2 adder skeletons
  2 adder zombies
  2 worms
  6 dart slugs
  5 leopard geckos
  18 orcs
  8 giant cockroaches
  5 goblins
  A hobgoblin (D:2)
  24 jackals
  35 kobolds
  3 quokkas
  2 ball pythons
  9 bats
  3 frilled lizards
  A jackal zombie (D:6)
  2 leopard gecko skeletons
  A quokka skeleton (D:6)
  2 quokka zombies
  5 rats
  8 plants (D:4)
286 creatures vanquished.

Vanquished Creatures (others)
  A wizard (D:6)
  2 slaves (D:5)
  An adder (D:5)
  A fungus (D:11)
  7 plants
12 creatures vanquished.

Grand Total: 298 creatures vanquished

Notes
Turn   | Place    | Note
-------+----------+-------------------------------------------
     0 | D:1      | MalarOregon the Draconian Conjurer began the quest for the
                  | Orb.
     0 | D:1      | Reached XP level 1. HP: 14/14 MP: 3/3
   278 | D:1      | Reached XP level 2. HP: 22/22 MP: 3/5
   419 | D:1      | Reached skill level 1 in Fighting
   745 | D:2      | Reached XP level 3. HP: 25/28 MP: 1/6
  1110 | D:2      | Reached XP level 4. HP: 36/36 MP: 1/7
  1214 | D:2      | Found a glowing golden altar of the Shining One.
  1595 | D:2      | Became a worshipper of the Shining One
  1652 | D:3      | Noticed Grinder
  1878 | D:3      | Learned a level 4 spell: Iskenderun's Mystic Blast
  2239 | D:3      | Paralysed by Grinder for 6 turns
  2248 | D:3      | Killed Grinder
  2248 | D:3      | Reached skill level 5 in Conjurations
  2248 | D:3      | Reached XP level 5. HP: 16/45 MP: 3/10
  2248 | D:3      | Reached XP level 6. HP: 18/51 MP: 3/11
  3105 | D:4      | Gained mutation: Your magical capacity is low. (-10% MP)
                  | [potion of mutation]
  3105 | D:4      | Gained mutation: Your flesh is cold resistant. (rC+)
                  | [potion of mutation]
  3105 | D:4      | Gained mutation: You occasionally shout uncontrollably at
                  | your foes. [potion of mutation]
  3105 | D:4      | Gained mutation: Your system is resistant to poisons.
                  | (rPois) [potion of mutation]
  3286 | D:4      | Reached * piety under the Shining One
  3368 | D:4      | Your scales start taking on a rich purple colour.
  3368 | D:4      | Reached XP level 7. HP: 31/58 MP: 3/12
  3411 | D:4      | Found an iron altar of Okawaru.
  3689 | D:4      | Identified the ring "Zoufo" {Wiz rN+ Dex+3 SInv}
  3943 | D:4      | Found a radiant altar of Vehumet.
  3970 | D:4      | Reached skill level 5 in Spellcasting
  4279 | D:4      | Found a shadowy altar of Dithmenos.
  4916 | D:5      | Entered Level 5 of the Dungeon
  5037 | D:5      | Noticed Menkaure
  5043 | D:5      | Killed Menkaure
  5082 | D:5      | Noticed Pikel
  5217 | D:4      | Killed Pikel
  5217 | D:4      | Reached skill level 5 in Fighting
  5217 | D:4      | Reached skill level 1 in Shields
  5217 | D:4      | Reached XP level 8. HP: 27/69 MP: 1/15
  5732 | D:5      | Got an ichor-stained longbow
  5739 | D:5      | Identified the +5 longbow of the Final Chapter {freeze,
                  | Str+2 Int+3 Dex+4} (You found it on level 5 of the Dungeon)
  6314 | D:6      | Reached ** piety under the Shining One
  6429 | D:6      | Reached XP level 9. HP: 51/75 MP: 1/17
  6613 | D:6      | Found a bloodstained altar of Trog.
  6614 | D:6      | Noticed a wizard
  6619 | D:6      | Killed a wizard
  6746 | D:6      | Reached skill level 5 in Dodging
  7587 | D:7      | Found a staircase to the Ecumenical Temple.
  7592 | Temple   | Entered the Ecumenical Temple
  7832 | D:7      | Got a bound wooden ring
  7834 | D:7      | Identified the ring of Rydiy {rElec rPois MR+ Dex-4 Slay+2}
                  | (You found it on level 7 of the Dungeon)
  7924 | D:7      | Lost mutation: Your magical capacity is low. (-10% MP)
                  | [potion of mutation]
  7924 | D:7      | Lost mutation: You occasionally shout uncontrollably at
                  | your foes. [potion of mutation]
  7924 | D:7      | Lost mutation: Your flesh is cold resistant. (rC+) [potion
                  | of mutation]
  7924 | D:7      | Lost mutation: Your system is resistant to poisons. (rPois)
                  | [potion of mutation]
  7924 | D:7      | Gained mutation: Your tail ends in a poisonous barb.
                  | [potion of mutation]
  7924 | D:7      | Gained mutation: You are weak. (Str -2) [potion of
                  | mutation]
  7924 | D:7      | Gained mutation: You have sharp toenails. [potion of
                  | mutation]
  8416 | D:8      | Reached *** piety under the Shining One
  8489 | D:8      | Found Axapp's Distillery.
  8494 | D:8      | Bought a potion of curing for 42 gold pieces
  8494 | D:8      | Bought 2 potions of might for 112 gold pieces
  8494 | D:8      | Bought a potion of magic for 112 gold pieces
  8774 | D:8      | Noticed a two-headed ogre
  8789 | D:8      | Killed a two-headed ogre
  8789 | D:8      | Reached XP level 10. HP: 48/87 MP: 1/22
  9371 | D:9      | Found an iron altar of Okawaru.
  9479 | D:9      | Found a stormy altar of Qazlal.
  9940 | D:9      | Found a snail-covered altar of Cheibriados.
  9968 | D:9      | Learned a level 2 spell: Blink
 10169 | D:10     | Entered Level 10 of the Dungeon
 10182 | D:10     | Noticed a molten gargoyle
 10183 | D:10     | Noticed an obsidian statue
 10183 | D:10     | Reached **** piety under the Shining One
 10190 | D:10     | Killed a molten gargoyle
 10191 | D:10     | Noticed a molten gargoyle
 10207 | D:9      | Killed a molten gargoyle
 10455 | D:10     | Noticed a molten gargoyle
 10461 | D:10     | Killed a molten gargoyle
 10539 | D:10     | Noticed a molten gargoyle
 10661 | D:10     | Killed a molten gargoyle
 11311 | D:10     | Noticed a two-headed ogre
 11319 | D:10     | Killed a two-headed ogre
 11319 | D:10     | Reached XP level 11. HP: 82/96 MP: 8/24
 11335 | D:10     | Found Vizog's Armour Emporium.
 11549 | D:10     | Noticed a sun demon
 11560 | D:11     | Reached skill level 10 in Spellcasting
 11929 | D:11     | Found Asoixud's Magic Scroll Boutique.
 11949 | D:11     | Reached skill level 10 in Conjurations
 12051 | D:11     | Noticed a red ugly thing
 12068 | D:11     | Killed a red ugly thing
 12068 | D:11     | Reached skill level 10 in Fighting
 12250 | D:11     | Found a staircase to the Lair.
 12368 | D:11     | Noticed a white ugly thing
 12408 | D:10     | Slain by a white ugly thing

Levels and vault maps discovered:
D:1:      lemuel_arrival_room, layout_loops_ring
D:2:      layout_rooms, nicolae_tso_carved_into_rock, st_stairs_5
D:3:      layout_loops_ring, first_ration, uniq_grinder
D:4:      kennysheep_kobold_camp, layout_basic, grunt_dithmenos_shadows,
          vehumet_statue, okawaru_trees_2, serial_forest,
          infiniplex_forest_lined_3, infiniplex_forest_clump_cross,
          infiniplex_forest_lined_4_way, infiniplex_forest_clump_double,
          infiniplex_forest_lined_room_2, infiniplex_forest_clump_small,
          infiniplex_forest_corner_1, infiniplex_forest_lined_room_2,
          infiniplex_forest_clump_double
D:5:      layout_rooms, uniq_menkaure, uniq_pikel
D:6:      layout_loops_cross, trog_wizard
D:7:      layout_loops_ring, minmay_temple_entry_overgrown
D:8:      layout_loops_corners, serial_shops, nicolae_shop_trees, the_bakery,
          hangedman_decor_opposing
D:9:      layout_basic, lemuel_round_altar, cheibriados_altar_1, basic_altar
D:10:     layout_irregular_city, serial_shops, shop, minivault_8
D:11:     layout_irregular_city, due_lair_maze_entry_diamond, serial_shops,
          nicolae_shop_stone
Temple:   compressed_dpeg_circular_temple

Skill      XL: |  1  2  3  4  5  6  7  8  9 10 11 |
---------------+----------------------------------+-----
Dodging        | 2 3 4 5 6 |  6.8
Fighting       | 1 3 5 6 7 9 10 | 10.1
Spellcasting   | 3 4 6 8 9 10 | 10.3
Conjurations   | 5 6 7 8 9 10 | 10.1
Shields        | 1 2 3 4 |  4.0
Stealth        | |  1.7

Action                   |  1- 3 |  4- 6 |  7- 9 | 10-12 || total
-------------------------+-------+-------+-------+-------++-------
Melee: Dagger            |   115 |   295 |   737 |    26 ||  1173
       Tailslap          |     4 |    29 |   184 |    28 ||   245
       Whip              |       |       |   132 |   244 ||   376
       Short sword       |       |       |       |    27 ||    27
Throw: Throwing net      |       |     4 |       |       ||     4
       Dart              |       |     2 |     3 |     1 ||     6
 Cast: Magic Dart        |    39 |    33 |    27 |     5 ||   104
       Iskenderun's Myst |       |    10 |    77 |    66 ||   153
 Abil: Breathe Dispellin |       |       |       |     1 ||     1
Evoke: Wand              |       |     4 |       |     1 ||     5
  Use: Scroll            |       |    11 |     6 |     1 ||    18
       Potion            |       |     3 |     1 |       ||     4
  Eat: Chunk             |     1 |     7 |    18 |    16 ||    42
       Ration            |       |     1 |     4 |       ||     5
Armor: Skin              |    56 |    92 |   121 |   124 ||   393
Dodge: Dodged            |    89 |   211 |   269 |   274 ||   843
Block: Buckler           |       |       |    59 |    79 ||   138

Table legend:
 A = Non-vault XP
 B = Vault XP
 C = Vault XP percentage of total XP
 D = Non-vault monster count
 E = Vault monster count
 F = Vault count percentage of total count
                 A         B        C        D         E       F
            +---------+---------+-------+---------+---------+-------
      Total |   10559 |    4407 |  29.4 |     237 |      41 |  14.7
            +---------+---------+-------+---------+---------+-------
        D:1 |      38 |       0 |   0.0 |      19 |       0 |   0.0
        D:2 |     105 |       1 |   0.9 |      27 |       1 |   3.6
        D:3 |      24 |     281 |  92.1 |      13 |       1 |   7.1
        D:4 |     447 |     843 |  65.3 |      16 |      24 |  60.0
        D:5 |     619 |     175 |  22.0 |      18 |       1 |   5.3
        D:6 |     740 |       0 |   0.0 |      29 |       0 |   0.0
        D:7 |     734 |       0 |   0.0 |      23 |       0 |   0.0
        D:8 |    2363 |     215 |   8.3 |      25 |       1 |   3.8
        D:9 |     778 |     436 |  35.9 |      26 |       1 |   3.7
       D:10 |    2760 |    1257 |  31.3 |      26 |       3 |  10.3
       D:11 |    1951 |    1199 |  38.1 |      15 |       9 |  37.5
            +---------+---------+-------+---------+---------+-------
